 Dungeon Crawl Stone Soup version 0.26.1-11-gd32895ea62 (webtiles) character file.

Game seed: 11134144057801732871

4459 nothank2 the Frost Mage (level 10, -2/63 HPs)
             Began as a Merfolk Ice Elementalist on July 10, 2021.
             Was a Believer of Vehumet.
             Slain by a two-headed ogre
             ... wielding a +0 giant spiked club
              (23 damage)
             ... on level 9 of the Dungeon.
             The game lasted 00:40:12 (13530 turns).

nothank2 the Frost Mage (Merfolk Ice Elementalist) Turns: 13530, Time: 00:40:12

Health: -2/63      AC:  7    Str:  8    XL:     10   Next: 37%
Magic:  14/23      EV: 13    Int: 18    God:    Vehumet [**....]
Gold:   50         SH:  0    Dex: 21    Spells: 8/27 levels left

rFire    . . .     SeeInvis .   D - +3 glaive (venom)
rCold    + . .     Faith    .   (shield currently unavailable)
rNeg     . . .     Spirit   .   a - +1 robe
rPois    .         Reflect  .   (no helmet)
rElec    .         Harm     .   r - +2 cloak {Will+}
rCorr    .         Rampage  .   F - +0 pair of gloves
Will     +....                  (no boots)
Stlth    ++........             h - amulet of the acrobat
HPRegen  0.20/turn              H - ring of protection from cold
MPRegen  0.18/turn              K - +6 ring of dexterity

@: frozen ramparts
A: change form in water, swift swim, stealthy swim
a: Renounce Religion


You were on level 9 of the Dungeon.
You worshipped Vehumet.
Vehumet was pleased with you.
You visited 1 branch of the dungeon, and saw 9 of its levels.

You collected 494 gold pieces.
You spent 444 gold pieces at shops.

Inventory:

Hand Weapons
 b - a +0 dagger
 i - the +6 war axe of Fophim {drain, +Rage rElec Dex-3 SInv, unknown}
   (You found it on level 9 of the Dungeon)

   A truly terrible weapon, it drains the life of those it strikes.
   It affects your dexterity (-3).
   It insulates you from electricity.
   It lets you see invisible.
   It lets you go berserk.
 n - a +0 scythe
 q - a +2 quarterstaff of chaos
 v - a +1 whip of freezing
 z - a +2 spectral quarterstaff
 D - a +3 glaive of venom (weapon)
 E - a +4 mace
Missiles
 p - 6 boomerangs
Armour
 a - a +1 robe (worn)
 r - a +2 cloak of willpower (worn)
 C - a scarf of invisibility
 F - a +0 pair of gloves (worn)
 I - cursed +0 acid dragon scales
Magical Staves
 y - an uncursed staff of conjuration
Jewellery
 h - an amulet of the acrobat (around neck)
 H - a ring of protection from cold (left hand)
 K - a +6 ring of dexterity (right hand)
Wands
 m - a wand of enslavement (9)
 x - a wand of polymorph (11)
 B - a wand of iceblast (15)
 G - a wand of acid (6)
Scrolls
 c - 8 scrolls of remove curse
 d - 7 scrolls of teleportation
 k - 2 scrolls of enchant armour
 A - 2 scrolls of blinking
Potions
 e - a potion of magic {unknown}
 f - 2 potions of degeneration
 g - 5 potions of heal wounds
 j - 2 potions of haste
 l - 2 potions of curing
 o - a potion of brilliance {unknown}
 s - a potion of ambrosia
 t - a potion of cancellation
 u - 2 potions of flight
 w - a potion of attraction {unknown}
 J - a potion of invisibility {unknown}


   Skills:
 - Level 2.6 Dodging
 - Level 2.1 Stealth
 + Level 9.2 Spellcasting
 - Level 3.2 Conjurations
 + Level 3.0 Hexes
 + Level 11.4 Ice Magic


You had 8 spell levels left.
You knew the following spells:

 Your Spells              Type           Power        Failure   Level
a - Freeze                Ice            100%         1%          1
b - Frozen Ramparts       Ice            98%          1%          3
c - Hailstorm             Conj/Ice       34%          4%          4
d - Ozocubu's Refrigerat  Ice            24%          12%         6
e - Metabolic Englaciati  Hex/Ice        17%          12%         5

Your spell library contained the following spells:

 Spells                   Type           Power        Failure   Level
 Ignite Poison            Fire/Tmut/Pois 8%           26%         3
 Ozocubu's Armour         Ice            49%          1%          3
 Foxfire                  Conj/Fire      56%          4%          1
 Shock                    Conj/Air       56%          4%          1
 Confusing Touch          Hex            19%          8%          3
 Sting                    Tmut/Pois      32%          9%          1
 Summon Ice Beast         Ice/Summ       28%          9%          4
 Swiftness                Air            8%           13%         2
 Conjure Flame            Conj/Fire      14%          13%         3
 Static Discharge         Conj/Air       14%          13%         3
 Inner Flame              Hex/Fire       13%          14%         3
 Gell's Gravitas          Tloc           4%           26%         3
 Sticky Flame             Conj/Fire      14%          41%         4
 Airstrike                Air            4%           65%         4
 Petrify                  Tmut/Erth      8%           65%         4
 Fireball                 Conj/Fire      7%           77%         5
 Lightning Bolt           Conj/Air       7%           77%         5
 Yara's Violent Unravell  Hex/Tmut       6%           78%         5


Dungeon Overview and Level Annotations

Branches:
Dungeon (9/15)             Temple (0/1) D:5
   Lair: D:8-11         Orc: D:9-12

Altars:
Ashenzari
Dithmenos
Fedhas
Hepliaklqana
Nemelex Xobeh
Qazlal
Trog
Uskayaw
Vehumet
Xom
The Shining One

Shops:
D:9 [:*?*

Annotations:
D:3 Grinder


Message History

Casting: Frozen Ramparts (safe; 1% risk of failure)
Confirm with . or Enter, or press ? or * to list all spells.
Casting: Hailstorm (dangerous; 4% risk of failure)
Press: ? - help, Dir - look around, f - activate A cannonade of hail descends around you!
The hail pelts the two-headed ogre!!
The two-headed ogre is moderately wounded.
The wall freezes the two-headed ogre.
You freeze the two-headed ogre.
The two-headed ogre is heavily wounded.
You freeze the two-headed ogre!
The two-headed ogre is heavily wounded.
The wall freezes the two-headed ogre!
The two-headed ogre hits you with a +0 giant spiked club!
The two-headed ogre hits you with a +0 giant spiked club.
You freeze the two-headed ogre.
The two-headed ogre is severely wounded.
The wall freezes the two-headed ogre!
The two-headed ogre hits you with a +0 giant spiked club!! x2
You die...

....... #....#
....... #....#
.......#####....#
.......+..##....#
................#
.......##.##.......#
.......#...#.##.##.#
........†....#...# #
.......#.@O........
####.#.##†.#.....#.#
# .. ...###..# .#
..##..## ... #..
.... ## #.......
#..#...#. ##.##


You could see a two-headed ogre.

Vanquished Creatures
  Pikel (D:4)
  Maggie (D:8)
  Psyche (D:8)
  Sigmund (D:2)
  Eustachio (D:6)
  A water moccasin (D:7)
  2 phantoms
  2 orc warriors (D:6)
  A black bear (D:8)
  5 ogres
  A sky beast (D:9)
  2 centaurs (D:7)
  2 lemures (D:4)
  Blork the orc (D:6)
  A big kobold (D:8)
  3 bullfrogs
  A scorpion (D:7)
  4 killer bees (D:8)
  9 orc priests
  A jelly (D:7)
  Crazy Yiuf (D:3)
  A bullfrog skeleton (D:4)
  A centaur skeleton (D:7)
  A gnoll shaman (D:4)
  6 orc wizards
  Terence (D:3)
  Ijyb (D:4)
  2 iguanas (D:8)
  Natasha (thrice) (D:2)
  8 worker ants
  A hound zombie (D:6)
  2 hound skeletons
  Robin (D:3)
  9 gnolls
  11 adders
  A shadow imp (D:5)
  4 white imps
  2 ufetubi
  An adder zombie (D:6)
  3 worms
  2 leopard geckos
  21 orcs
  4 giant cockroaches
  10 goblins
  11 hobgoblins
  3 jackals (D:9)
  11 kobolds
  4 quokkas
  2 ball pythons
  5 bats
  2 frilled lizards
  A jackal zombie (D:6)
  4 rats
181 creatures vanquished.

Notes
Turn   | Place    | Note
-------+----------+-------------------------------------------
     0 | D:1      | nothank2 the Merfolk Ice Elementalist began the quest for
                  | the Orb.
     0 | D:1      | Reached XP level 1. HP: 13/13 MP: 3/3
   298 | D:1      | Reached XP level 2. HP: 18/19 MP: 0/5
  1011 | D:2      | Noticed Sigmund
  1227 | D:2      | Noticed Natasha
  1233 | D:2      | Killed Natasha
  1234 | D:2      | Reached skill level 5 in Ice Magic
  1234 | D:2      | Reached XP level 3. HP: 8/24 MP: 2/7
  1427 | D:2      | Learned a level 3 spell: Frozen Ramparts
  1881 | D:2      | Noticed Natasha
  1889 | D:2      | Killed Natasha
  1890 | D:2      | Reached XP level 4. HP: 5/30 MP: 2/8
  2317 | D:2      | Noticed Natasha
  2478 | D:2      | Killed Natasha
  2918 | D:2      | Killed Sigmund
  2919 | D:2      | Reached skill level 6 in Ice Magic
  2919 | D:2      | Reached XP level 5. HP: 35/35 MP: 2/11
  2919 | D:2      | Reached XP level 6. HP: 41/41 MP: 2/12
  3340 | D:3      | Noticed Robin
  3348 | D:3      | Killed Robin
  3723 | D:3      | Noticed Grinder
  3723 | D:3      | Noticed Terence
  3739 | D:3      | Killed Terence
  4035 | D:3      | Found a runed translucent door.
  4036 | D:3      | Noticed Crazy Yiuf
  4042 | D:3      | Killed Crazy Yiuf
  4932 | D:4      | Reached skill level 7 in Ice Magic
  4932 | D:4      | Reached XP level 7. HP: 46/46 MP: 8/14
  5106 | D:4      | Reached skill level 5 in Spellcasting
  5757 | D:4      | Noticed Pikel
  5877 | D:4      | Killed Pikel
  5878 | D:4      | Reached skill level 8 in Ice Magic
  5878 | D:4      | Reached XP level 8. HP: 30/52 MP: 6/17
  6201 | D:4      | Noticed Ijyb
  6211 | D:4      | Killed Ijyb
  6555 | D:4      | Found a sparkling altar of Nemelex Xobeh.
  6558 | D:4      | Found a radiant altar of Vehumet.
  6562 | D:4      | Became a worshipper of Vehumet
  6568 | D:4      | Found a broken altar of Ashenzari.
  6571 | D:4      | Found a hide-covered altar of Uskayaw.
  6832 | D:4      | Learned a level 4 spell: Hailstorm
  6866 | D:5      | Entered Level 5 of the Dungeon
  8083 | D:5      | Found a staircase to the Ecumenical Temple.
  8323 | D:5      | Reached skill level 9 in Ice Magic
  8735 | D:6      | Noticed Eustachio
  9178 | D:6      | Killed Eustachio
  9179 | D:6      | Reached XP level 9. HP: 52/57 MP: 12/20
  9614 | D:6      | Reached skill level 10 in Ice Magic
  9618 | D:6      | Reached * piety under Vehumet
  9618 | D:6      | Offered knowledge of Foxfire by Vehumet.
  9989 | D:6      | Noticed Blork the orc
 10000 | D:6      | Killed Blork the orc
 10111 | D:6      | Found a stormy altar of Qazlal.
 10115 | D:6      | Found a blossoming altar of Fedhas.
 10115 | D:6      | Found a hazy altar of Hepliaklqana.
 10115 | D:6      | Found a shimmering altar of Xom.
 10115 | D:6      | Found a bloodstained altar of Trog.
 10120 | D:6      | Found a shadowy altar of Dithmenos.
 10122 | D:6      | Found a glowing golden altar of the Shining One.
 10273 | D:7      | Reached skill level 1 in Conjurations
 10381 | D:7      | Identified Sif Muna's Disquisition on Glacial Moulding
 11690 | D:8      | Reached ** piety under Vehumet
 11690 | D:8      | Offered knowledge of Sandblast by Vehumet.
 11891 | D:8      | Learned a level 6 spell: Ozocubu's Refrigeration
 11897 | D:8      | Learned a level 5 spell: Metabolic Englaciation
 11989 | D:8      | Reached XP level 10. HP: 54/63 MP: 20/22
 12111 | D:8      | Reached skill level 11 in Ice Magic
 12111 | D:8      | Noticed Psyche
 12129 | D:8      | Killed Psyche
 12130 | D:8      | Reached skill level 1 in Hexes
 12858 | D:8      | Noticed Maggie
 12866 | D:8      | Killed Maggie
 13176 | D:9      | Found Arustru's General Store.
 13233 | D:9      | Found Woityarph's Book Shoppe.
 13237 | D:9      | Bought a book of Flames for 420 gold pieces
 13245 | D:9      | Offered knowledge of Ignite Poison by Vehumet.
 13305 | D:9      | Found Rimoucsi's Armour Emporium.
 13371 | D:9      | Found Lepte's Magic Scroll Emporium.
 13401 | D:9      | Bought a scroll of identify for 24 gold pieces
 13422 | D:9      | Got a bone war axe
 13476 | D:9      | Found Rosub's General Store.
 13523 | D:9      | Noticed a two-headed ogre
 13530 | D:9      | Slain by a two-headed ogre

Illustrated notes

Levels and vault maps discovered:
D:1:      mrwooster_arrival_statue, layout_basic
D:2:      layout_basic, chequers_serial_rivers_room_b, uniq_sigmund,
          uniq_natasha
D:3:      layout_loops_corners, chequers_ecumenical_altar_simple, uniq_grinder,
          uniq_crazy_yiuf_cottage, uniq_terence, uniq_jessica, uniq_robin
D:4:      minmay_angry_zag, layout_layer_cave, grunt_temple_overflow_cloverleaf,
          serial_forest, infiniplex_forest_corner_1,
          infiniplex_forest_lined_3_way, infiniplex_forest_clump_small,
          infiniplex_forest_straight_2, infiniplex_forest_clump_cross,
          infiniplex_forest_lined_room_3, uniq_ijyb, uniq_pikel
D:5:      layout_cave_pods, minmay_temple_entry_steel_oval,
          minmay_misc_feat_ornament
D:6:      layout_cave_pools, minitemple, uniq_eustachio, uniq_blork_the_orc
D:7:      layout_layer_cave, amethyst_killhole
D:8:      layout_loops_ring, uniq_maggie, uniq_psyche
D:9:      layout_roguey, serial_shops, nicolae_shop_crystal, nicolae_shop_stone,
          shop, nicolae_shop_crystal, shop, hangedman_decor_clover_reticule,
          uniq_erica

Skill      XL: |  1  2  3  4  5  6  7  8  9 10 |
---------------+-------------------------------+-----
Ice Magic      | 5 6 7 8 9 10 11 | 11.4
Spellcasting   | 3 4 6 7 8 9 |  9.2
Conjurations   | 3 |  3.2
Hexes          | 3 |  3.0
Dodging        | |  2.6
Stealth        | |  2.1

Action                   |  1- 3 |  4- 6 |  7- 9 | 10-12 || total
-------------------------+-------+-------+-------+-------++-------
Melee: Dagger            |    28 |     5 |       |       ||    33
       Scythe            |       |    17 |       |       ||    17
       Quarterstaff      |       |     8 |    29 |       ||    37
       Whip              |       |       |    29 |       ||    29
       Unarmed           |       |       |     5 |       ||     5
       Glaive            |       |       |    47 |    43 ||    90
Throw: Boomerang         |       |     7 |    13 |       ||    20
 Cast: Freeze            |    36 |    31 |   170 |    15 ||   252
       Frozen Ramparts   |       |    11 |    21 |     9 ||    41
       Hailstorm         |       |       |     7 |     3 ||    10
  Use: Scroll            |       |       |    10 |     5 ||    15
 Stab: Sleeping          |     1 |     4 |     2 |       ||     7
Armor: Robe              |     9 |     7 |    61 |    18 ||    95
Dodge: Dodged            |    39 |    39 |   209 |    48 ||   335
